 Dungeon Crawl Stone Soup version 0.30.1-11-g7821555f0a (webtiles) character file.

Game seed: 3832927123861046939

495 ChrisAssaf the Stinger (level 6, -1/44 HPs)
             Began as a Demonspawn Venom Mage on Jan 14, 2024.
             Slain by a white imp (4 damage)
             ... summoned by Eustachio
             ... on level 4 of the Dungeon.
             The game lasted 00:19:40 (2868 turns).

ChrisAssaf the Stinger (Demonspawn Venom Mage)      Turns: 2868, Time: 00:19:41

Health: -1/44      AC: 10    Str: 13 (14) XL:     6   Next: 92%
Magic:  0/10       EV: 12    Int: 17 (18) God:
Gold:   164        SH:  0    Dex: 14      Spells: 1/11 levels left

rFire   . . .        e - +0 dagger (flame)
rCold   . . .        (no shield)
rNeg    . . .        a - +0 robe
rPois   .            i - +1 hat
rElec   .            (no cloak)
rCorr   .            (no gloves)
SInv    .            (no boots)
Will    .....        (no amulet)
Stlth   ++           h - +6 ring of strength
HPRegen 0.27/turn    j - +4 ring of protection
MPRegen 0.12/turn

%: no passive effects
@: brilliant, on berserk cooldown
A: horns 1, molten scales 2
a: no special abilities


You were on level 4 of the Dungeon.
You visited 1 branch of the dungeon, and saw 4 of its levels.
You also visited: Sewer.

You collected 164 gold pieces.

Inventory:

Hand Weapons
 e - a +0 dagger of flaming (weapon)
Armour
 a - a +0 robe (worn)
 i - a +1 hat (worn)
Jewellery
 h - a +6 ring of strength (left hand)
 j - a +4 ring of protection (right hand)
Scrolls
 g - a scroll of fog
Potions
 b - 4 potions of flight


   Skills:
 * Level 1.7 Fighting
 * Level 1.2 Short Blades
 * Level 1.4 Throwing
 * Level 1.4 Armour
 * Level 2.4 Dodging
 * Level 2.7 Stealth
 * Level 3.2 Spellcasting
 * Level 1.4 Conjurations
 * Level 1.9 Transmutations
 * Level 1.5 Air Magic
 * Level 4.1 Poison Magic


You had one spell level left.
You knew the following spells:

 Your Spells              Type           Power      Damage    Failure   Level
a - Sting                 Tmut/Pois      76%        1d6       4%          1
b - Poisonous Vapours     Pois/Air       36%        N/A       9%          2
c - Mephitic Cloud        Conj/Pois/Air  16%        N/A       19%         3
d - Olgreb's Toxic Radia  Pois           25%        N/A       30%         4

Your spell library contained the following spells:

 Spells                   Type           Power      Damage    Failure   Level
 Beastly Appendage        Tmut           28%        N/A       8%          1
 Wereblood                Tmut           14%        N/A       12%         2
 Spider Form              Tmut/Pois      19%        N/A       14%         3
 Anguish                  Hex/Necr       2%         N/A       86%         4
 Cause Fear               Hex            2%         N/A       86%         4
 Enfeeble                 Hex            2%         N/A       100%        7


Dungeon Overview and Level Annotations

Branches:
Dungeon (4/15)              Sewer (visited)
 Temple: D:4-7

Altars:

Annotations:
D:4 Edmund, Eustachio


Innate Abilities, Weirdness & Mutations

You have a pair of small horns on your head.
You are mostly covered in molten scales. (AC +3)


Message History

The quasit bites you but does no damage.
The quasit barely misses you.
The quasit claws you but does no damage.
The shadow imp hits you but does no damage.
Eustachio closely misses you.
The quasit bites you but does no damage.
The quasit claws you but does no damage. x2
You barely miss Eustachio. You headbutt Eustachio.
Eustachio is lightly wounded.
The bat closely misses you. The white imp barely misses you.
The river rat completely misses you.
The shadow imp hits you but does no damage.
The quasit bites you but does no damage.
The quasit claws you but does no damage. x2
Eustachio hits you with a +0 rapier.
You miss Eustachio. You headbutt Eustachio.
Eustachio is moderately wounded.
The bat barely misses you. The white imp hits you.
* * * LOW HITPOINT WARNING * * *
The white imp freezes you.
* * * LOW HITPOINT WARNING * * *
The river rat bites you.
* * * LOW HITPOINT WARNING * * *
The shadow imp hits you but does no damage.
The quasit misses you. The quasit barely misses you. The quasit claws you.
* * * LOW HITPOINT WARNING * * *
Eustachio casts a spell.
Eustachio blinks!
The white imp attacks as you move away!
The white imp hits you but does no damage.
The quasit bites you but does no damage.
The quasit claws you but does no damage.
The quasit claws you.
* * * LOW HITPOINT WARNING * * *
Eustachio mumbles some strange words.
Eustachio blinks!
The white imp attacks as you move away! The white imp hits you.
* * * LOW HITPOINT WARNING * * *
The white imp freezes you.
You die...

#........).........#
#..................#
#...........###....#
#.............#....#
#....######...#....# #......#
#...###+## ####'''####..b.# ..#
##.......##.r55###.##
##.........##5@.@....#
##.......)...##.####..#
##.............##......###
#......)........##.......#
......).#........##..##..##
.......)..........#..##...#
..................#..##.#.#
..................#..##.#.####
....#...#...#.....#..##.†....###


You could see Eustachio (very poisoned), a quasit (summoned), a river rat
(summoned), a white imp (summoned), a shadow imp (summoned) and a bat
(summoned).

Vanquished Creatures
  A black bear (D:4)
  A scorpion (D:4)
  2 jellies (D:4)
  A hound (D:4)
  A malarious merfolk avatar (Sewer)
  A sickly merfolk siren (Sewer)
  4 gnolls (D:4)
  2 adders (Sewer)
  7 river rats
  2 worms
  2 dart slugs
  5 orcs (D:3)
  7 ball pythons
  4 bats
  2 endoplasms
  5 giant cockroaches
  9 goblins
  4 hobgoblins
  6 jackals
  3 quokkas
  6 frilled lizards (Sewer)
  5 kobolds
  25 rats
  A butterfly (D:4)
106 creatures vanquished.

Notes
Turn   | Place    | Note
-------+----------+-------------------------------------------
     0 | D:1      | ChrisAssaf the Demonspawn Venom Mage began the quest for
                  | the Orb.
     0 | D:1      | Reached XP level 1. HP: 13/13 MP: 3/3
   410 | D:1      | Gained mutation: You are partially covered in molten
                  | scales. (AC +2) [demonic ancestry]
   410 | D:1      | Reached XP level 2. HP: 18/19 MP: 5/5
   433 | D:1      | Learned a level 2 spell: Poisonous Vapours
  1024 | D:2      | Reached skill level 1 in Transmutations
  1048 | D:2      | Gained mutation: You have a pair of small horns on your
                  | head. [demonic ancestry]
  1048 | D:2      | Reached XP level 3. HP: 16/25 MP: 0/6
  1088 | D:2      | Learned a level 3 spell: Mephitic Cloud
  1332 | D:3      | Found a glowing drain.
  1350 | Sewer    | Entered a sewer
  1448 | Sewer    | Gained mutation: You are mostly covered in molten scales.
                  | (AC +3) [demonic ancestry]
  1448 | Sewer    | Reached XP level 4. HP: 31/31 MP: 7/7
  1586 | Sewer    | Reached skill level 1 in Fighting
  1738 | Sewer    | Reached skill level 1 in Air Magic
  1764 | Sewer    | Reached XP level 5. HP: 30/37 MP: 1/8
  1930 | Sewer    | Reached skill level 1 in Throwing
  1930 | Sewer    | Reached skill level 1 in Armour
  2166 | D:4      | Reached skill level 1 in Conjurations
  2171 | D:4      | Reached XP level 6. HP: 39/43 MP: 0/10
  2270 | D:4      | Learned a level 4 spell: Olgreb's Toxic Radiance
  2391 | D:4      | Reached skill level 1 in Short Blades
  2452 | D:4      | Reached skill level 4 in Poison Magic
  2640 | D:4      | Noticed Edmund
  2836 | D:4      | Noticed Eustachio
  2868 | D:4      | Slain by a white imp

Illustrated notes

Levels and vault maps discovered:
D:1:      dpeg_arrival_ternary, layout_basic, basic_ecumenical_altar
D:2:      layout_basic
D:3:      layout_loops_ring, nicolae_qazlal_general_emergency,
          portal_sewer_entry_c, minivault_25, minivault_23, serial_bayou_pond_b,
          kennysheep_generic_room_13
D:4:      layout_basic, okawaru_metal_pillars_1_2,
          minmay_temple_entry_butterflies, grunt_ministairs_6,
          kennysheep_cluttered_room, kennysheep_generic_room_4, uniq_edmund,
          uniq_eustachio

Skill      XL: |  1  2  3  4  5  6 |
---------------+-------------------+-----
Transmutations | 1 |  1.9
Stealth        | 2 |  2.7
Dodging        | 2 |  2.4
Fighting       | 1 |  1.7
Air Magic      | 1 |  1.5
Throwing       | 1 |  1.4
Armour         | 1 |  1.4
Conjurations   | 1 |  1.4
Short Blades   | 1 |  1.2
Spellcasting   | 3 |  3.2
Poison Magic   | 4 |  4.1

Action                     |  1- 3 |  4- 6 || total
---------------------------+-------+-------++-------
  Melee: Dagger            |    68 |   103 ||   171
         Punch             |     1 |     2 ||     3
         Headbutt          |     2 |    19 ||    21
  Throw: Boomerang         |    27 |     4 ||    31
   Cast: Sting             |    33 |    47 ||    80
         Poisonous Vapours |     3 |     3 ||     6
         Mephitic Cloud    |       |    10 ||    10
         Olgreb's Toxic Ra |       |     2 ||     2
    Use: Scroll            |     8 |     4 ||    12
         Potion            |     1 |    10 ||    11
   Stab: Sleeping          |     4 |     5 ||     9
         Confused          |       |     1 ||     1
 Armour: Robe              |    32 |   116 ||   148
         Skin              |    27 |       ||    27
  Dodge: Dodged            |    60 |   149 ||   209
